 Dungeon Crawl Stone Soup version 0.31-a0-1227-g0136665373 (webtiles) character file.

Game seed: 824766506366670524

2907 Fodor the Cleaver (level 9, -5/79 HPs)
             Began as a Minotaur Fighter on Dec 15, 2023.
             Was an Initiate of Gozag.
             Killed from afar by Erica (13 damage)
             ... with a bolt of light
             ... on level 8 of the Dungeon.
             The game lasted 00:36:23 (7679 turns).

Fodor the Cleaver (Minotaur Fighter)                Turns: 7679, Time: 00:36:24

Health: -5/79      AC: 18    Str: 29    XL:     9   Next: 49%
Magic:  8/8        EV:  7    Int:  4    God:    Gozag
Gold:   579        SH:  0    Dex: 12    Spells: 8/8 levels left

rFire   . . .        t - +7 sling "Goblinbane" {freeze, rC++ rN+ Dex+3}
rCold   + + .        c - +0 buckler
rNeg    + + .        m - +0 chain mail
rPois   .            (helmet restricted)
rElec   .            (no cloak)
rCorr   .            C - +2 pair of gloves
SInv    .            (no boots)
Will    .....        (no amulet) Stlth
                     n - ring of positive energy
HPRegen 0.33/turn    z - +4 ring of protection
MPRegen 0.11/turn

%: no passive effects
@: confused, mighty, constricted
A: horns 2, retaliatory headbutt, talons 1, strong 1, wild magic 1
a: Renounce Religion, Potion Petition, Call Merchant, Bribe Branch


You were on level 8 of the Dungeon.
You worshipped Gozag.
Gozag was pleased with you.
You visited 2 branches of the dungeon, and saw 9 of its levels.

You collected 820 gold pieces.
You spent 130 gold pieces at shops.
You paid 111 gold pieces to Gozag.

Inventory:

Hand Weapons
 a - a +0 war axe
 h - a +0 longbow
 t - the +7 sling "Goblinbane" (weapon) {freeze, rC++ rN+ Dex+3}
   (You found it on level 4 of the Dungeon)

   Dex+3:     It affects your dexterity (+3).
   rC++:      It greatly protects you from cold.
   rN+:       It protects you from negative energy.
Missiles
 y - 2 boomerangs
Armour
 c - a +0 buckler (worn)
 m - a +0 chain mail (worn)
 C - a +2 pair of gloves (worn)
Jewellery
 n - a ring of positive energy (left hand)
 o - a ring of flight
 z - a +4 ring of protection (right hand)
 F - a +6 ring of strength
Talismans
 k - a flux talisman
Wands
 s - a wand of mindburst (14)
 H - a wand of roots (12)
Scrolls
 g - 6 scrolls of teleportation
 l - a scroll of blinking
 q - a scroll of noise
 A - 2 scrolls of enchant armour
 D - a scroll of fog
 E - a scroll of brand weapon {unknown}
 G - a scroll of silence {unknown}
 I - a scroll of vulnerability {unknown}
Potions
 d - a potion of might
 e - 2 potions of invisibility
 i - a potion of lignification
 j - 2 potions of mutation
 x - a potion of magic {unknown}


   Skills:
 + Level 7.1 Fighting
 + Level 10.8 Axes
 + Level 8.7 Armour
 + Level 2.9 Dodging
 + Level 1.6 Stealth
 + Level 5.6 Shields


You had 8 spell levels left.
You didn't know any spells.
Your spell library contained the following spells:

 Spells                   Type           Power      Damage    Failure   Level
 Apportation              Tloc           0%         N/A       96%         1
 Necrotise                Necr           0%         1d4       96%         1
 Shock                    Conj/Air       0%         1d3       96%         1
 Summon Small Mammal      Summ           0%         N/A       96%         1
 Lesser Beckoning         Tloc           0%         N/A       99%         2
 Dazzling Flash           Conj/Hex       0%         N/A       100%        3
 Gell's Gravitas          Tloc           0%         N/A       100%        3
 Swiftness                Air            0%         N/A       100%        3
 Teleport Other           Tloc           0%         N/A       100%        3
 Vampiric Draining        Necr           0%         2d6       100%        3
 Volatile Blastmotes      Fire/Tloc      0%         2d10      100%        3
 Airstrike                Air            0%         2d(0-16)  100%        4
 Agony                    Necr           0%         N/A       100%        5
 Starburst                Conj/Fire      0%         6d3       100%        6
 Maxwell's Capacitive Co  Air            0%         ∞         100%        8


Dungeon Overview and Level Annotations

Branches:
Dungeon (8/15)             Temple (1/1) D:4
   Lair: D:8-11

Altars:
Ashenzari
Cheibriados
Dithmenos
Elyvilon
Fedhas
Gozag
Hepliaklqana
Kikubaaqudgha
Makhleb
Nemelex Xobeh
Okawaru
Qazlal
Ru
Sif Muna
Trog
Uskayaw
Vehumet
Wu Jian
Xom
Yredelemnul
Zin
The Shining One

Shops:
D:1 ?   D:4 (

Annotations:
D:8 Erica


Innate Abilities, Weirdness & Mutations

You have a pair of horns on your head.
You reflexively headbutt those who attack you in melee.
You have sharp toenails.
Your muscles are strong. (Str +4, Int/Dex -1)
Your spells are a little harder to cast, but a little more powerful.


Message History

Aiming: Mindburst
Press: ? - help, Q - select action, (/) - cycle Shift-Dir - straight line Nothing appears to happen.
You flicker for a moment.
The grasping roots constrict something.
Something hits you but does no damage.
Your magical effects are unravelling.
You feel magically purged.
You feel less wooden.
Your +2 pair of gloves unmelds from your body.
Your +0 chain mail unmelds from your body.
You feel yourself speed up.
You feel yourself slow down.
You flicker back into view.
You feel a little less clever now.
Your butterfly disappears in a burst of colours!
Something hits you! Something burns you. Something grabs you.
You are constricted.
You feel less attractive to monsters.
You feel very mighty all of a sudden.
Your butterfly disappears in a burst of colours! x2
Something hits you.
* * * LOW HITPOINT WARNING * * *
Something burns you.
* * * LOW HITPOINT WARNING * * *
You are constricted.
* * * LOW HITPOINT WARNING * * *
You shoot a sling bullet.
Your butterfly disappears in a burst of colours! x2
You hear a zap.
A bolt of light appears from out of thin air!
The bolt of light hits you.
* * * LOW HITPOINT WARNING * * *
You are constricted.
* * * LOW HITPOINT WARNING * * *
You shoot a sling bullet.
Your butterfly disappears in a burst of colours! x2
Something hits you but does no damage.
You are constricted.
You hear a zap.
A bolt of light appears from out of thin air!
The bolt of light hits you!
You are confused.
You die...
Your body crumbles into a pile of gold.

#..............
..............
##............
##.....bb......
#......b.......
#........!
##b.#######
#b{## ##.@#
#..## ##.##
#..# ##.## #..#
...... ##.##
....... #..#
.......$###.##


There were no monsters in sight!

Vanquished Creatures
  Sigmund (D:4)
  2 steam dragons (D:7)
  4 vampire mosquitoes (D:6)
  A water moccasin (D:6)
  A sky beast (D:7)
  A black bear (D:4)
  2 ice beasts
  An ogre (D:4)
  2 centaurs
  3 bullfrogs
  6 scorpions
  An electric eel (D:7)
  A howler monkey (D:7)
  4 jellies
  2 orc priests (D:7)
  2 hounds
  2 sleepcaps
  Terence (D:2)
  An iguana (D:6)
  4 orc wizards
  4 gnolls (D:7)
  4 adders
  A shadow imp (D:7)
  A white imp (D:6)
  6 ufetubi
  A worm (D:2)
  4 dart slugs
  19 orcs
  5 ball pythons
  14 endoplasms
  2 giant cockroaches (D:1)
  4 goblins
  6 hobgoblins
  11 kobolds
  4 quokkas
  5 bats
  4 frilled lizards
  7 rats
144 creatures vanquished.

Notes
Turn   | Place    | Note
-------+----------+-------------------------------------------
     0 | D:1      | Fodor the Minotaur Fighter began the quest for the Orb.
     0 | D:1      | Reached XP level 1. HP: 19/19 MP: 0/0
   106 | D:1      | Reached XP level 2. HP: 27/27 MP: 1/1
   231 | D:1      | Found The Oracle's Delphic Readings.
   242 | D:1      | Bought a scroll of identify for 26 gold pieces
   509 | D:1      | Found a faded altar of an unknown god.
   549 | D:1      | Reached XP level 3. HP: 33/33 MP: 2/2
  1074 | D:2      | Reached skill level 3 in Axes
  1205 | D:2      | Noticed Terence
  1213 | D:2      | Killed Terence
  1449 | D:2      | Reached XP level 4. HP: 39/41 MP: 3/3
  1705 | D:2      | Reached skill level 4 in Axes
  2018 | D:3      | Reached XP level 5. HP: 47/47 MP: 4/4
  2097 | D:3      | Found a shimmering altar of Xom.
  2097 | D:3      | Found a burning altar of Makhleb.
  2097 | D:3      | Found a bloodstained altar of Trog.
  2097 | D:3      | Found a snail-covered altar of Cheibriados.
  2097 | D:3      | Found an ancient bone altar of Kikubaaqudgha.
  2097 | D:3      | Found a hide-covered altar of Uskayaw.
  2111 | D:3      | Reached skill level 5 in Axes
  3205 | D:4      | Found Soschu Enile's Weapon Shoppe.
  3284 | D:4      | Noticed Sigmund
  3307 | D:4      | Killed Sigmund
  3308 | D:4      | Reached skill level 5 in Fighting
  3308 | D:4      | Reached skill level 6 in Axes
  3308 | D:4      | Reached skill level 5 in Armour
  3308 | D:4      | Reached skill level 1 in Dodging
  3308 | D:4      | Reached XP level 6. HP: 35/56 MP: 5/5
  3395 | D:4      | Found a staircase to the Ecumenical Temple.
  3399 | Temple   | Entered the Ecumenical Temple
  3509 | D:4      | Found a hide-covered altar of Uskayaw.
  3598 | D:4      | Reached XP level 7. HP: 57/61 MP: 6/6
  3771 | D:4      | Identified the +7 sling "Goblinbane" {freeze, rC++ rN+
                  | Dex+3}
  4096 | D:5      | Entered Level 5 of the Dungeon
  4136 | D:5      | Reached skill level 7 in Axes
  4397 | D:5      | Found a stormy altar of Qazlal.
  4549 | D:6      | Reached skill level 1 in Stealth
  4567 | D:6      | Identified a scroll of acquirement
  4569 | D:6      | Found an opulent altar of Gozag.
  4574 | D:6      | Became a worshipper of Gozag Ym Sagoz the Greedy
  4646 | D:6      | Noticed a vampire mosquito
  4648 | D:6      | Noticed a vampire mosquito
  4648 | D:6      | Noticed a vampire mosquito
  4656 | D:6      | Noticed a vampire mosquito
  4657 | D:6      | Killed a vampire mosquito
  4658 | D:6      | Reached XP level 8. HP: 47/69 MP: 7/7
  4662 | D:6      | Reached skill level 8 in Axes
  4662 | D:6      | Reached skill level 5 in Shields
  4693 | D:6      | Reached skill level 9 in Axes
  6028 | D:1      | Bought a scroll of identify for 26 gold pieces
  6028 | D:1      | Bought a scroll of identify for 26 gold pieces
  6028 | D:1      | Bought a scroll of fog for 52 gold pieces
  6361 | D:7      | Reached XP level 9. HP: 56/78 MP: 8/8
  6396 | D:7      | Reached skill level 10 in Axes
  7174 | D:7      | Found a white marble altar of Elyvilon.
  7620 | D:8      | Identified the +10 dagger of Focus {spect, Int+5}
  7636 | D:8      | Noticed Erica
  7648 | D:8      | HP: 3/79 [something/bolt of light (4)]
  7657 | D:8      | Gained mutation: Your muscles are strong. (Str +4, Int/Dex
                  | -1) [potion of mutation]
  7657 | D:8      | Gained mutation: You have sharp toenails. [potion of
                  | mutation]
  7657 | D:8      | Gained mutation: Your spells are a little harder to cast,
                  | but a little more powerful. [potion of mutation]
  7663 | D:8      | Acquired 671 gold pieces
  7679 | D:8      | Killed from afar by Erica

Illustrated notes

Levels and vault maps discovered:
D:1:      minmay_arrival_plants_in_alcoves, layout_rooms,
          shapermc_ecumenical_altar_mp_vishouse, nicolae_nh_oracle_at_delphi
D:2:      layout_loops_cross, serial_co_window_serial, co_window_corner_a,
          co_window_paths_a, co_window_corner_a, co_window_paths_a,
          co_window_paths_b, co_window_paths_a, co_window_cross_1,
          co_window_2corner, co_window_corner_b, co_window_of_opportunity_c,
          co_window_corner_ca, co_window_2corner, co_window_4corner_b,
          co_window_4corner_a, glass_columns_a, glass_columns_b,
          glass_columns_a, glass_columns_c, minmay_gold_behind_fungi,
          uniq_terence
D:3:      cheibrodos_fertilizer, layout_basic
D:4:      layout_gridville, kennysheep_mini, minmay_temple_entry_glassed_door,
          serial_shops, shop, minmay_quantized, uniq_sigmund
D:5:      layout_cave_pools, kennysheep_little_box, minmay_misc_feat_plants
D:6:      layout_rooms, mainiacjoe_overflow_six_doors_small
D:7:      layout_basic, mainiacjoe_overflow_chevrons, grunt_ministairs_13,
          kennysheep_dice
D:8:      layout_cave_pods, gammafunk_ghost_gnarly_gnolls, uniq_joseph,
          uniq_gastronok, uniq_maurice, uniq_erica
Temple:   compressed_dpeg_circular_temple

Skill      XL: |  1  2  3  4  5  6  7  8  9 |
---------------+----------------------------+-----
Fighting       | 4 5 6 7 |  7.1
Shields        | 4 5 |  5.6
Armour         | 4 5 6 7 8 |  8.7
Axes           | 3 4 6 7 9 10 | 10.8
Dodging        | 1 2 |  2.9
Stealth        | 1 |  1.6

Action                     |  1- 3 |  4- 6 |  7- 9 || total
---------------------------+-------+-------+-------++-------
  Melee: War axe           |    67 |    95 |   203 ||   365
         Headbutt          |    10 |    14 |    47 ||    71
   Fire: Sling             |       |       |     5 ||     5
  Evoke: Wand              |       |       |     6 ||     6
    Use: Scroll            |     1 |     4 |     5 ||    10
         Potion            |       |       |    16 ||    16
   Stab: Distracted        |       |       |     1 ||     1
 Armour: Scale mail        |    38 |       |       ||    38
         Chain mail        |       |    61 |   242 ||   303
         Skin              |       |       |    11 ||    11
  Dodge: Dodged            |    41 |    36 |   115 ||   192
  Block: Buckler           |    23 |    21 |    57 ||   101

Table legend: (Time is in decaauts)
 A = Elapsed time spent in this place.
 B = Non-inter-level travel time spent in this place.
 C = Inter-level travel time spent in this place.
 D = Time resting spent in this place.
 E = Time spent auto-exploring this place.
 F = Levels seen in this place.
 G = Mean time per level.
                   A        B        C        D        E       F      G
               +--------+--------+--------+--------+--------+-----+--------+
         Total |   7755 |   6796 |    959 |   1199 |      0 |   9 |  861.7 |
       Dungeon |   7685 |   6726 |    959 |   1199 |      0 |   8 |  960.6 |
        Temple |     69 |     69 |      0 |      0 |      0 |   1 |   69.0 |
               +--------+--------+--------+--------+--------+-----+--------+

Top non-repeatable levels by time:
     D:2: 1870 daAuts
     D:3: 1431 daAuts
     D:7: 1423 daAuts
     D:4: 919 daAuts
     D:1: 804 daAuts
     D:6: 680 daAuts
     D:5: 467 daAuts
     D:8: 89 daAuts
  Temple: 69 daAuts
